 Dungeon Crawl Stone Soup version 0.25-b1-37-g2669288c55 (webtiles) character file.

Game seed: 14570701325831235889

1094 DRShiny the Shield-Bearer (level 8, 67/67 HPs)
             Began as a Gnoll Fighter on June 4, 2020.
             Was a Follower of Okawaru.
             Quit the game on level 5 of the Dungeon on June 6, 2020.
             The game lasted 00:44:00 (8466 turns).

DRShiny the Shield-Bearer (Gnoll Fighter)           Turns: 8466, Time: 00:44:00

Health: 67/67      AC: 12    Str: 20    XL:     8   Next: 31%
Magic:  12/12      EV:  8    Int: 10    God:    Okawaru [*.....]
Gold:   219        SH: 11    Dex: 16    Spells: 13/13 levels left

rFire    . . .     SeeInvis .   x - +0 dagger (venom)
rCold    + . .     Gourm    .   c - +0 kite shield
rNeg     . . .     Faith    .   e - +2 chain mail {rC+}
rPois    .         Spirit   .   (no helmet)
rElec    .         Reflect  .   (no cloak)
rCorr    .         Harm     .   (no gloves)
MR       .....                  (no boots)
Stlth    ..........             (no amulet)
HPRegen  0.21/turn              (no ring)
MPRegen  0.13/turn              (no ring)

@: no status effects
A: distributed training, fangs 1, strong nose
a: Heroism, Renounce Religion


You were on level 5 of the Dungeon.
You worshipped Okawaru.
Okawaru was aware of your devotion.
You were not hungry.

You visited 1 branch of the dungeon, and saw 5 of its levels.

You collected 219 gold pieces.

Inventory:

Hand Weapons
 a - a +0 trident
 s - a +0 flail
 t - a +0 whip
 v - a +0 great sword
 x - a +0 dagger of venom (weapon)
 z - a +0 hunting sling
Missiles
 m - 7 javelins (quivered)
 r - 173 stones
 u - 8 poisoned darts
 y - 7 boomerangs
Armour
 b - a +0 scale mail
 c - a +0 kite shield (worn)
 e - a +2 chain mail of cold resistance (worn)
 k - a +0 buckler
 A - a +0 chain mail
 D - a +2 ring mail of magic resistance
Wands
 h - a wand of iceblast (14)
Scrolls
 j - a scroll of amnesia
 o - a scroll of blinking {unknown}
 p - 4 scrolls of remove curse
 w - 2 scrolls of teleportation {unknown}
 B - a scroll of noise {unknown}
 C - a scroll of random uselessness {unknown}
 F - a scroll of fog {unknown}
Potions
 d - a potion of might
 g - a potion of brilliance
 i - a potion of resistance
 l - a potion of cancellation
 n - 2 potions of curing
 q - a potion of stabbing
Comestibles
 f - 11 rations
 E - 7 chunks of flesh


   Skills:
 + Level 7.3 Fighting
 + Level 3.1 Short Blades
 + Level 3.1 Long Blades
 + Level 3.1 Axes
 + Level 3.1 Maces & Flails
 + Level 5.6 Polearms
 + Level 3.1 Staves
 + Level 3.1 Slings
 + Level 3.1 Bows
 + Level 3.1 Crossbows
 + Level 3.1 Throwing
 + Level 7.3 Armour
 + Level 3.1 Dodging
 + Level 3.1 Stealth
 + Level 7.3 Shields
 + Level 3.1 Unarmed Combat
 + Level 3.1 Spellcasting
 + Level 2.5 Conjurations
 + Level 2.5 Hexes
 + Level 2.5 Charms
 + Level 2.5 Summonings
 + Level 2.5 Necromancy
 + Level 2.5 Translocations
 + Level 2.5 Transmutations
 + Level 2.5 Fire Magic
 + Level 2.5 Ice Magic
 + Level 2.5 Air Magic
 + Level 2.5 Earth Magic
 + Level 2.5 Poison Magic
 + Level 3.4 Invocations
 + Level 3.1 Evocations


You had 13 spell levels left.
You didn't know any spells.
Your spell library was empty.

Dungeon Overview and Level Annotations

Branches:
Dungeon (5/15)
 Temple: D:4-7

Altars:
Kikubaaqudgha
Makhleb
Okawaru
Vehumet
Zin
The Shining One


Innate Abilities, Weirdness & Mutations

Your experience applies equally to all skills.
You have very sharp teeth.
Your uncanny sense of smell can sniff out nearby items.


Message History

The jackal skeleton is heavily damaged.
You block the jackal skeleton's attack.
You barely miss the jackal skeleton.
You bite the jackal skeleton, but do no damage.
The jackal skeleton is heavily damaged.
The jackal skeleton barely misses you.
You hit the jackal skeleton.
You destroy the jackal skeleton!
Welcome back, DRShiny the Gnoll Fighter.
Okawaru says: Bring me glory in combat!
Press ? for a list of commands and other information.
Saving game... please wait.
Welcome back, DRShiny the Gnoll Fighter.
Okawaru says: Bring me glory in combat!
Press ? for a list of commands and other information.
Save game and exit?
Welcome back, DRShiny the Gnoll Fighter.
Okawaru says: Bring me glory in combat!
Press ? for a list of commands and other information.
Are you sure you want to abandon this character and quit the game? (Confirm with "yes".)

#.#........................
#..........................
#####........8..##..........
..........##...8.....8.....##
##......####...8.........#.#
#..##..## #88..........##<##
.. ##.# ########.........# #
#..#####.......##.......
##.....@....##..........
#######....####..<.....
#....# #.#...... #....#
#........ #....# ##.......
....## ......... ∆ .......
..........
........###........
.........# ######...


There were no monsters in sight!

Vanquished Creatures
  An orc warrior (D:2)
  An ice beast (D:5)
  A phantom (D:4)
  2 ogres (D:4)
  A scorpion (D:5)
  A howler monkey (D:4)
  A centaur zombie (D:5)
  3 orc wizards
  A centaur skeleton (D:4)
  Jessica (D:2)
  An iguana (D:2)
  Ijyb (D:5)
  5 worker ants
  2 worker ant zombies (D:5)
  8 adders
  A shadow imp (D:3)
  2 oozes
  An adder skeleton (D:4)
  2 adder zombies (D:5)
  2 worms
  A dart slug (D:3)
  4 leopard geckos
  9 orcs
  3 bat zombies (D:3)
  2 giant cockroaches (D:4)
  11 goblins
  7 hobgoblins
  2 jackals (D:5)
  3 ball pythons
  4 bats
  5 frilled lizards
  A giant cockroach zombie (D:5)
  A jackal skeleton (D:5)
  A jackal zombie (D:5)
  8 kobolds
  9 rats
109 creatures vanquished.

Notes
Turn   | Place    | Note
-------+----------+-------------------------------------------
     0 | D:1      | DRShiny the Gnoll Fighter began the quest for the Orb.
     0 | D:1      | Reached XP level 1. HP: 23/23 MP: 1/1
   117 | D:1      | Reached XP level 2. HP: 26/29 MP: 2/2
   901 | D:2      | Reached XP level 3. HP: 29/35 MP: 3/3
   980 | D:2      | Noticed Jessica
   996 | D:2      | Killed Jessica
   996 | D:2      | Reached skill level 1 in Short Blades
   996 | D:2      | Reached skill level 1 in Long Blades
   996 | D:2      | Reached skill level 1 in Axes
   996 | D:2      | Reached skill level 1 in Maces & Flails
   996 | D:2      | Reached skill level 1 in Staves
   996 | D:2      | Reached skill level 1 in Slings
   996 | D:2      | Reached skill level 1 in Bows
   996 | D:2      | Reached skill level 1 in Crossbows
   996 | D:2      | Reached skill level 1 in Throwing
   996 | D:2      | Reached skill level 1 in Dodging
   996 | D:2      | Reached skill level 1 in Stealth
   996 | D:2      | Reached skill level 1 in Unarmed Combat
   996 | D:2      | Reached skill level 1 in Spellcasting
   996 | D:2      | Reached skill level 1 in Invocations
   996 | D:2      | Reached skill level 1 in Evocations
  1014 | D:2      | Reached XP level 4. HP: 41/41 MP: 5/5
  1030 | D:2      | Found a radiant altar of Vehumet.
  1443 | D:2      | Reached skill level 1 in Conjurations
  1443 | D:2      | Reached skill level 1 in Hexes
  1443 | D:2      | Reached skill level 1 in Charms
  1443 | D:2      | Reached skill level 1 in Summonings
  1443 | D:2      | Reached skill level 1 in Necromancy
  1443 | D:2      | Reached skill level 1 in Translocations
  1443 | D:2      | Reached skill level 1 in Transmutations
  1443 | D:2      | Reached skill level 1 in Fire Magic
  1443 | D:2      | Reached skill level 1 in Ice Magic
  1443 | D:2      | Reached skill level 1 in Air Magic
  1443 | D:2      | Reached skill level 1 in Earth Magic
  1443 | D:2      | Reached skill level 1 in Poison Magic
  1647 | D:2      | Found a faded altar of an unknown god.
  1991 | D:3      | Reached XP level 5. HP: 47/47 MP: 6/6
  2953 | D:3      | Found an ancient bone altar of Kikubaaqudgha.
  3012 | D:3      | Found an iron altar of Okawaru.
  3022 | D:3      | Became a worshipper of Warmaster Okawaru
  3507 | D:4      | Noticed an orc warrior
  4160 | D:2      | Reached XP level 6. HP: 22/53 MP: 8/8
  4167 | D:2      | Killed an orc warrior
  4167 | D:2      | Reached skill level 5 in Polearms
  4492 | D:4      | Got a spiked ring mail
  4503 | D:4      | Identified the +1 ring mail of Incorporation {*Drain rF+
                  | MP+9 Int+3} (You found it on level 4 of the Dungeon)
  6535 | D:4      | Paralysed by fainting for 7 turns
  6547 | D:4      | Paralysed by fainting for 7 turns
  6570 | D:4      | Paralysed by fainting for 11 turns
  6598 | D:4      | Paralysed by fainting for 12 turns
  6611 | D:4      | Noticed a phantom
  6625 | D:4      | Paralysed by fainting for 7 turns
  6654 | D:4      | Reached XP level 7. HP: 40/59 MP: 10/10
  7358 | D:4      | Found a glowing golden altar of the Shining One.
  7570 | D:4      | Found a burning altar of Makhleb.
  7572 | D:4      | Found a glowing silver altar of Zin.
  7574 | D:4      | Noticed an angel
  7575 | D:4      | Noticed an Executioner
  8127 | D:5      | Entered Level 5 of the Dungeon
  8155 | D:5      | Reached XP level 8. HP: 60/67 MP: 12/12
  8204 | D:5      | Reached * piety under Okawaru
  8355 | D:5      | Noticed Ijyb
  8374 | D:5      | Killed Ijyb
  8466 | D:5      | Quit the game

Illustrated notes

Levels and vault maps discovered:
D:1:      dpeg_arrival_rooms_b, layout_basic, serial_forest,
          infiniplex_forest_corner_1, infiniplex_forest_clump_double,
          infiniplex_forest_clump_cross, infiniplex_forest_straight_1,
          infiniplex_forest_clump_C, minmay_cupped
D:2:      layout_rooms, fiery_altar_vehumet, chequers_ecumenical_altar_grove,
          uniq_jessica
D:3:      layout_loops_corners, nicolae_overflow_crystal_walls,
          lemuel_zombie_altar_kikubaaqudgha
D:4:      layout_loops_ring, grunt_temple_overflow_order_and_chaos_2,
          nicolae_tso_swordbearing_angel
D:5:      layout_rooms, dancing_weapons_uskayaw,
          yredelemnul_forgotten_temple_becter, gammafunk_ghost_abyssal_escape,
          first_ration, serial_undead, serial_undead_a, serial_undead_d,
          serial_undead_d, serial_undead_c, kennysheep_boxes, uniq_ijyb

Skill      XL: |  1  2  3  4  5  6  7  8 |
---------------+-------------------------+-----
Short Blades   | 1 2 3 |  3.1
Long Blades    | 1 2 3 |  3.1
Axes           | 1 2 3 |  3.1
Maces & Flails | 1 2 3 |  3.1
Staves         | 1 2 3 |  3.1
Slings         | 1 2 3 |  3.1
Bows           | 1 2 3 |  3.1
Crossbows      | 1 2 3 |  3.1
Throwing       | 1 2 3 |  3.1
Dodging        | 1 2 3 |  3.1
Stealth        | 1 2 3 |  3.1
Unarmed Combat | 1 2 3 |  3.1
Spellcasting   | 1 2 3 |  3.1
Invocations    | 1 2 3 |  3.4
Evocations     | 1 2 3 |  3.1
Conjurations   | 1 2 |  2.5
Hexes          | 1 2 |  2.5
Charms         | 1 2 |  2.5
Summonings     | 1 2 |  2.5
Necromancy     | 1 2 |  2.5
Translocations | 1 2 |  2.5
Transmutations | 1 2 |  2.5
Fire Magic     | 1 2 |  2.5
Ice Magic      | 1 2 |  2.5
Air Magic      | 1 2 |  2.5
Earth Magic    | 1 2 |  2.5
Poison Magic   | 1 2 |  2.5
Polearms       | 5 |  5.6
Fighting       | 7 |  7.3
Armour         | 7 |  7.3
Shields        | 7 |  7.3

Action                   |  1- 3 |  4- 6 |  7- 9 || total
-------------------------+-------+-------+-------++-------
Melee: Trident           |    66 |    58 |       ||   124
       Bite              |     5 |    31 |    33 ||    69
       Flail             |       |    29 |       ||    29
       Great sword       |       |    78 |       ||    78
       Dagger            |       |    66 |   222 ||   288
Throw: Javelin           |       |     3 |       ||     3
  Use: Scroll            |       |     6 |     2 ||     8
       Potion            |       |       |     1 ||     1
  Eat: Chunk             |       |     5 |     6 ||    11
       Ration            |       |     4 |       ||     4
Armor: Scale mail        |     7 |       |       ||     7
       Chain mail        |    16 |   150 |    89 ||   255
Dodge: Dodged            |    11 |    75 |    51 ||   137
Block: Kite shield       |    29 |    72 |   103 ||   204
       Rpst.: Great sword |       |    13 |       ||    13
